 Dungeon Crawl Stone Soup version 0.30-a0-374-g95c0257040 (webtiles) character file.

Game seed: 17067208117119017557

7 Haldmier the Sneak (level 1, 0/19 HPs)
             Began as an Armataur Delver on Nov 26, 2022.
             Slain by a black bear (2 damage)
             ... on level 6 of the Dungeon.
             The game lasted 00:04:15 (444 turns).

Haldmier the Sneak (Armataur Delver)                 Turns: 444, Time: 00:04:16

Health: 0/19       AC:  4    Str: 17    XL:     1   Next: 83%
Magic:  1/1        EV:  9    Int: 10    God:
Gold:   27         SH:  0    Dex: 11    Spells: 0/0 levels left

rFire   . . .      SeeInvis .    a - +0 mace
rCold   . . .      Faith    .    (no shield)
rNeg    . . .      Spirit   .    i - +0 leather armour
rPois   .          Reflect  .    (no helmet)
rElec   .          Harm     .    (no cloak)
rCorr   .          Roll     +    (no gloves)
Will    .....                    (no barding)
Stlth   +++.......               (no amulet)
HPRegen 0.23/turn                (no ring)
MPRegen 0.07/turn                (no ring)

@: no status effects
A: large, rugged brown scales 3, deformed body, armoured tail, roll, long
tongue, awkward tongue
a: no special abilities


You were on level 6 of the Dungeon.
You visited 1 branch of the dungeon, and saw 2 of its levels.

You collected 27 gold pieces.

Inventory:

Hand Weapons
 a - a +0 mace (weapon)
 b - a +0 sling
 k - a +0 arbalest
Armour
 i - a +0 leather armour (worn)
 m - a +0 ring mail
Wands
 g - a wand of digging (3)
Scrolls
 c - a scroll of fog
 d - a scroll of magic mapping
 e - a scroll of fear
 l - a scroll of teleportation {unknown}
Potions
 f - a potion of haste
 h - a potion of berserk rage {unknown}
 j - 2 potions of curing {unknown}


   Skills:
 + Level 2.9 Fighting
 + Level 2.1 Maces & Flails
 - Level 1.3 Dodging
 - Level 5.4 Stealth


You couldn't memorise any spells.
You didn't know any spells.
Your spell library was empty.

Dungeon Overview and Level Annotations

Branches:
Dungeon (6/15)
 Temple: D:4-7

Altars:
Uskayaw

Annotations:
D:5 Eustachio


Innate Abilities, Weirdness & Mutations

You are completely covered in rugged brown scales. (AC +3, +7% HP)
Armour fits poorly on your strangely shaped body.
You have a long armoured tail.
You roll when moving toward enemies. (Rampage)
Your long tongue fully drains potion bottles. (2x potion effects)
Your tongue gives you trouble enunciating. (1.5x scroll delay)


Message History

You see here a +0 ring mail.
m - a +0 ring mail You don't know any spells.
You open the door.
There is an open door here.
You see here 6 stones.
You open the door.
There is an open door here.
A bullfrog comes into view.
There is an open door here.
You close the door.
You open the door.
A black bear comes into view.
The black bear growls angrily.
There is an open door here.
There is an open door here.
You close the door.
The black bear attacks as you move away!
The black bear bites you. The black bear claws you.
The black bear claws you but does no damage.
As you open the door, it creaks loudly!
The black bear bites you but does no damage.
The black bear claws you but does no damage.
The black bear claws you.
The black bear attacks as you move away!
The black bear closely misses you. The black bear barely misses you.
The black bear closely misses you.
There is an open door here.
There is an open door here.
The black bear attacks as you move away!
The black bear bites you.
* * * LOW HITPOINT WARNING * * *
The black bear claws you but does no damage.
The black bear barely misses you.
The black bear attacks as you move away!
The black bear bites you.
* * * LOW HITPOINT WARNING * * *
The black bear claws you but does no damage.
The black bear claws you.
You die...

....#......#....#......#
....
.'..+......'....#......# .+
...
.####......#.####......#..#
..
..........####......#+##.. #
..........'..#......#....
..........#..+......#..s
..........#..#.....<#..
..........####...h..#.#
########........@#'##+#
.......#.........#....#
.......#.........#....#
.......#.........###'###
.......#...............##
.......#....................
######.#....................
######'######...............
.........'..#....#'####.....


You could see a black bear.

Vanquished Creatures
  An ufetubus (D:6)
  A quokka (D:5)
2 creatures vanquished.

Notes
Turn   | Place    | Note
-------+----------+-------------------------------------------
     0 | D:5      | Haldmier the Armataur Delver began the quest for the Orb.
     0 | D:5      | Reached XP level 1. HP: 19/19 MP: 1/1
    25 | D:6      | Noticed a scorpion
    75 | D:5      | Noticed Eustachio
    90 | D:5      | Noticed an ogre
   140 | D:5      | Noticed a hound
   234 | D:6      | Noticed a water moccasin
   258 | D:6      | Found a hide-covered altar of Uskayaw.
   387 | D:6      | Noticed a bullfrog
   415 | D:6      | Noticed a black bear
   444 | D:6      | Slain by a black bear

Illustrated notes

Levels and vault maps discovered:
D:5:      layout_basic, kennysheep_nondescript, uniq_eustachio
D:6:      layout_gridville, general_overflow_altar,
          mainiacjoe_overflow_cross_hatched, corexii_leaking_fountain

Skill      XL: |  1 |
---------------+----+-----
Maces & Flails | 2 |  2.1
Fighting       | |  2.9
Dodging        | |  1.3
Stealth        | |  5.4

Action                   || total
-------------------------++-------
Melee: Mace              ||     6
 Fire: Sling             ||     7
Armor: Leather armour    ||    11
Dodge: Dodged            ||    12

Table legend: (Time is in decaauts)
 A = Elapsed time spent in this place.
 B = Non-inter-level travel time spent in this place.
 C = Inter-level travel time spent in this place.
 D = Time resting spent in this place.
 E = Time spent auto-exploring this place.
 F = Levels seen in this place.
 G = Mean time per level.
                   A        B        C        D        E       F      G
               +--------+--------+--------+--------+--------+-----+--------+
         Total |    447 |    447 |      0 |     22 |      0 |   2 |  223.5 |
       Dungeon |    447 |    447 |      0 |     22 |      0 |   2 |  223.5 |
               +--------+--------+--------+--------+--------+-----+--------+

Top non-repeatable levels by time:
     D:6: 297 daAuts
     D:5: 149 daAuts
